 Dungeon Crawl Stone Soup version 0.30-a0-879-ga8ba668304 (webtiles) character file.

Game seed: 9561745433851523395

568748 BubbleThief the Conqueror (level 26, -12/266 HPs)
             Began as a Hill Orc Fighter on Mar 12, 2023.
             Was the Champion of the Shining One.
             Killed from afar by a hellion (31 damage)
             ... with damnation
             ... summoned by a deep elf demonologist
             ... on level 3 of the Elven Halls on Mar 13, 2023.
             The game lasted 01:45:17 (80827 turns).

BubbleThief the Conqueror (Hill Orc Fighter)       Turns: 80827, Time: 01:45:17

Health: -12/266    AC: 39    Str: 31    XL:     26   Next: 89%
Magic:  2/38       EV:  9    Int:  8    God:    the Shining One [******]
Gold:   4824       SH: 10    Dex:  5    Spells: 25/25 levels left

rFire   + . .      SeeInvis .    f - +2 broad axe (freeze)
rCold   + + .      Faith    .    C - +3 warlock's mirror {omnireflect}
rNeg    + + +      Spirit   .    X - +2 plate armour {rPois}
rPois   +          Reflect  +    i - +0 helmet
rElec   .          Rampage  .    J - +1 cloak {rC+}
rCorr   +          NoCast   +    T - +3 Mad Mage's Maulers {Infuse+∞ VampMP -Cast}
Will    +++..                    Z - +2 pair of boots Stlth
                                 O - amulet of regeneration
HPRegen 1.44/turn                n - ring of Truth {Wiz rC+ Will++ rCorr Dex-5}
MPRegen 0.26/turn                E - ring of protection from fire

@: glowing, studying 2 skills
A: no striking features
}: 3/15 runes: decaying, serpentine, silver
a: Renounce Religion, Divine Shield, Cleansing Flame, Summon Divine Warrior,
Brand Weapon With Holy Wrath


You were on level 3 of the Elven Halls.
You worshipped the Shining One.
The Shining One was exalted by your worship.
You visited 9 branches of the dungeon, and saw 43 of its levels.
You visited 1 bazaar.
You also visited: Bailey, Ice Cave and Wizlab.

You collected 8934 gold pieces.
You spent 4110 gold pieces at shops.

Inventory:

Hand Weapons
 f - a +2 broad axe of freezing (weapon)
 l - a +2 war axe of flaming
Missiles
 B - a throwing net (quivered)
Armour
 i - a +0 helmet (worn)
 C - the +3 warlock's mirror (worn) {omnireflect}
   (You found it on level 5 of the Lair of Beasts)

   Omnireflect: It can block and reflect piercing ranged attacks and magical
   attacks against the wielder's willpower.
 H - the +2 pair of gloves of the Crypt {Slay+3}
   (You found it on level 3 of the Vaults)

   Slay:      It affects your accuracy & damage with ranged weapons and melee
   (+3).
 J - a +1 cloak of cold resistance (worn)
 P - the +1 cloak "Qenitt" {rPois rF+ Dex-4 SInv}
   (You bought it in a shop on level 1 of the Vaults)

   Dex:       It affects your dexterity (-4).
   rF:        It protects you from fire.
   rPois:     It protects you from poison.
   SInv:      It lets you see invisible.
 T - the +3 Mad Mage's Maulers (worn) {Infuse+∞ VampMP -Cast}
   (You bought it in a shop on level 2 of the Orcish Mines)

   Infuse+∞: It empowers its wearer's blows with all of their magic.
   VampMP:    Blows struck in melee replenish the wearer's magic.
   -Cast:     It prevents spellcasting.
 X - a +2 plate armour of poison resistance (worn)
 Z - a +2 pair of boots (worn)
Jewellery
 m - an amulet of reflection
 n - the ring of Truth (left hand) {Wiz rC+ Will++ rCorr Dex-5}
   (You acquired it on level 1 of the Lair of Beasts)

   [ring of wizardry]

   It improves your spell success rate.
   Dex:       It affects your dexterity (-5).
   rC:        It protects you from cold.
   rCorr:     It protects you from acid and corrosion.
   Will:      It greatly increases your willpower.
 v - the ring "Elihixut" {rF+ Str+3 Int+5 Dex+6}
   (You found it on level 3 of the Elven Halls)

   [ring of dexterity]

   Str:       It affects your strength (+3).
   Int:       It affects your intelligence (+5).
   Dex:       It affects your dexterity (+6).
   rF:        It protects you from fire.
 E - a ring of protection from fire (right hand)
 L - a +4 ring of slaying
 O - an amulet of regeneration (around neck)
 V - a ring of poison resistance
 W - a ring of see invisible
Wands
 p - a wand of roots (18)
 G - a wand of digging (15)
 Q - a wand of quicksilver (21)
Scrolls
 d - a scroll of butterflies
 e - 6 scrolls of fog
 h - 23 scrolls of identify
 o - 4 scrolls of poison
 q - 5 scrolls of blinking
 t - 12 scrolls of enchant weapon
 x - 6 scrolls of magic mapping
 y - 6 scrolls of enchant armour
 A - 4 scrolls of fear
 F - 7 scrolls of brand weapon
 M - 6 scrolls of silence
 N - 20 scrolls of teleportation
 S - 12 scrolls of amnesia
Potions
 a - 39 potions of curing
 b - 2 potions of invisibility
 c - 5 potions of lignification
 g - 3 potions of brilliance
 j - a potion of ambrosia
 k - 8 potions of mutation
 r - 3 potions of berserk rage
 s - 7 potions of attraction
 u - 3 potions of cancellation
 z - 5 potions of flight
 D - 2 potions of heal wounds
 I - 2 potions of magic
 K - 8 potions of resistance
 R - 12 potions of haste
 U - 4 potions of might
Miscellaneous
 w - a box of beasts
 Y - a phantom mirror


   Skills:
 O Level 27 Fighting
 O Level 27 Axes
 O Level 27 Armour
 + Level 16.4 Shields
 + Level 22.7 Invocations


You had 25 spell levels left.
You didn't know any spells.
Your spell library contained the following spells:

 Spells                   Type           Power      Damage    Failure   Level
 Apportation              Tloc           0%         N/A       45%         1
 Foxfire                  Conj/Fire      0%         2x1d4     45%         1
 Kiss of Death            Conj/Necr      0%         2d5       45%         1
 Magic Dart               Conj           0%         1d3       45%         1
 Sandblast                Erth           0%         2d4       45%         1
 Shock                    Conj/Air       0%         1d3       45%         1
 Slow                     Hex            0%         N/A       45%         1
 Sting                    Tmut/Pois      0%         1d3       45%         1
 Blink                    Tloc           0%         N/A       58%         2
 Lesser Beckoning         Tloc           0%         N/A       58%         2
 Momentum Strike          Conj/Tloc      0%         3d8       58%         2
 Passwall                 Tmut/Erth      0%         N/A       58%         2
 Poisonous Vapours        Pois/Air       0%         N/A       58%         2
 Scorch                   Fire           0%         2d5       58%         2
 Searing Ray              Conj           0%         2d4       58%         2
 Sublimation of Blood     Necr           0%         N/A       58%         2
 Confusing Touch          Hex            0%         N/A       80%         3
 Frozen Ramparts          Ice            0%         1d1       80%         3
 Hailstorm                Conj/Ice       0%         3d3       80%         3
 Ignite Poison            Fire/Tmut/Pois 0%         N/A       80%         3
 Inner Flame              Hex/Fire       0%         N/A       80%         3
 Kindle Blastsparks       Fire/Tloc/Air  0%         2d10      80%         3
 Stone Arrow              Conj/Erth      0%         3d7       80%         3
 Summon Guardian Golem    Hex/Summ       0%         N/A       80%         3
 Vampiric Draining        Necr           0%         2d6       80%         3
 Anguish                  Hex/Necr       0%         N/A       99%         4
 Animate Armour           Summ/Erth      0%         N/A       99%         4
 Cause Fear               Hex            0%         N/A       99%         4
 Dispel Undead            Necr           0%         3d6       99%         4
 Flame Wave               Conj/Fire      0%         2d4       99%         4
 Fulminant Prism          Conj/Hex       0%         3d5       99%         4
 Ice Form                 Ice/Tmut       0%         N/A       99%         4
 Iskenderun's Mystic Bla  Conj/Tloc      0%         2d3       99%         4
 Leda's Liquefaction      Hex/Erth       0%         N/A       99%         4
 Olgreb's Toxic Radiance  Pois           0%         N/A       99%         4
 Petrify                  Tmut/Erth      0%         N/A       99%         4
 Summon Ice Beast         Ice/Summ       0%         N/A       99%         4
 Summon Lightning Spire   Summ/Air       0%         N/A       99%         4
 Alistair's Intoxication  Tmut/Pois      0%         N/A       100%        5
 Blade Hands              Tmut           0%         N/A       100%        5
 Fireball                 Conj/Fire      0%         3d3       100%        5
 Freezing Cloud           Conj/Ice/Air   0%         6-21      100%        5
 Irradiate                Conj/Tmut      0%         3d11      100%        5
 Iskenderun's Battlesphe  Conj           0%         2d6       100%        5
 Lee's Rapid Deconstruct  Erth           0%         3d4*      100%        5
 Metabolic Englaciation   Hex/Ice        0%         N/A       100%        5
 Conjure Ball Lightning   Conj/Air       0%         3x3d6     100%        6
 Iron Shot                Conj/Erth      0%         9d1       100%        6
 Simulacrum               Ice/Necr       0%         N/A       100%        6
 Starburst                Conj/Fire      0%         6d3       100%        6
 Statue Form              Tmut/Erth      0%         N/A       100%        6
 Summon Cactus Giant      Summ           0%         N/A       100%        6
 Enfeeble                 Hex            0%         N/A       100%        7
 Orb of Destruction       Conj           0%         9d5       100%        7
 Ozocubu's Refrigeration  Ice            0%         4d7       100%        7
 Spellforged Servitor     Conj/Summ      0%         N/A       100%        7
 Storm Form               Tmut/Air       0%         N/A       100%        7
 Discord                  Hex            0%         N/A       100%        8
 Ignition                 Fire           0%         3d3       100%        8
 Maxwell's Capacitive Co  Air            0%         ∞         100%        8
 Chain Lightning          Conj/Air       0%         N/A       100%        9
 Fire Storm               Conj/Fire      0%         5d1       100%        9
 Shatter                  Erth           0%         3d5*      100%        9


Dungeon Overview and Level Annotations

Branches:
Dungeon (15/15)            Temple (1/1) D:4            Lair (5/5) D:10
  Swamp (4/4) Lair:2        Snake (4/4) Lair:3        Slime (0/5) Lair:4
    Orc (2/2) D:12            Elf (3/3) Orc:2        Vaults (5/5) D:14
 Depths (4/4) D:15            Zot (0/5) Depths:4     Bailey (visited)
  IceCv (visited)          WizLab (visited)
  Crypt: Vaults:2-3

Altars:
Ashenzari
Cheibriados
Dithmenos
Gozag
Kikubaaqudgha
Nemelex Xobeh
Sif Muna
Trog
Uskayaw
Wu Jian
Xom
Yredelemnul
Zin
The Shining One
Beogh
Jiyva

Shops:
D:2 (   D:7 *   D:9 *   D:11 !!   Orc:1 *   Orc:2 [:(!   Snake:3 [(((
Vaults:1 [   Vaults:4 [   Vaults:5 ?   Depths:1 !*   Depths:3 [

Portals:
Hell: Depths:1 Depths:2 Depths:3 Depths:4
Abyss: Depths:1 Depths:3
Pandemonium: Depths:2 Depths:4
Ziggurat: Depths:3
Trove: D:12 (show slimy rune of Zot)

Annotations:
Elf:1 1 runed translucent door
Depths:3 1 runed translucent door, Miownoin's ghost, master GrFi


Message History

Unknown command.
You miss the deep elf blademaster.
The deep elf blademaster is almost dead.
The deep elf blademaster barely misses you.
The deep elf blademaster hits you with a +0 rapier.
You block the reaper's attack. The reaper hits you but does no damage.
Unknown command.
You carve the deep elf blademaster like a ham!!!
You freeze the deep elf blademaster.
You kill the deep elf blademaster!
The reaper hits you from afar with a +2 scythe of flaming!!
The reaper burns you.
The reaper hits you from afar with a +0 scythe of pain!
Unknown command.
You slice the deep elf demonologist!! You freeze the deep elf demonologist.
The deep elf demonologist is severely wounded.
The deep elf demonologist hits you but does no damage.
The deep elf annihilator gestures wildly while chanting.
The deep elf annihilator blinks!
Unknown command.
You hit the deep elf demonologist. You freeze the deep elf demonologist.
The deep elf demonologist is almost dead.
The reaper hits you from afar with a +0 scythe of pain!!
* * * LOW HITPOINT WARNING * * *
The reaper hits you from afar with a +2 scythe of flaming!!
* * * LOW HITPOINT WARNING * * *
The deep elf demonologist hits you but does no damage.
Unknown command.
You hit the deep elf demonologist. You freeze the deep elf demonologist.
The deep elf demonologist is almost dead.
The reaper hits you but does no damage.
The reaper hits you from afar with a +2 scythe of flaming!!
* * * LOW HITPOINT WARNING * * *
The reaper burns you.
* * * LOW HITPOINT WARNING * * *
Okay, then.
You float gracefully downwards.
The hellion gestures at you.
The sphere of damnation explodes!
The damnation engulfs you!!
You die...

#)# #.# #.# #.#
#.#
######.######
#.).≈≈.≈≈...#
###...≈≈.≈≈...#
#.@...≈≈.≈≈.....
#.#...≈≈.≈≈...##
#e######.######


222 .... ..43. ..... '....e. ⌠... .#....... #.##....... # ###...... You could
see a reaper (summoned), a deep elf demonologist, an ice devil (summoned) and a
hellion (summoned).

Vanquished Creatures
  A juggernaut (Depths:4)
  3 royal mummies (Depths:3)
  The ghost of Leriaza the Warrior, a veteran DsVM of Vehumet (Vaults:3)
  The ghost of Leriaza the Warrior, a veteran DsVM of Vehumet (Vaults:2)
  Margery (Vaults:4)
  Saint Roka (Vaults:4)
  Vashnia (Snake:2)
  Jory (Vaults:4)
  4 golden dragons
  A bone dragon (Depths:4)
  2 hellephants (Depths:1)
  A doom hound (Depths:1)
  9 tentacled monstrosities
  Jorgrun (Swamp:2)
  A walking earthen tome (Depths:4)
  A walking crystal tome (Depths:4)
  Rupert (D:13)
  A lich (Depths:4)
  4 deep elf blademasters
  A deep elf master archer (Depths:1)
  2 quicksilver dragons
  3 titans (Vaults:5)
  6 sphinxes
  Kirke (Swamp:1)
  4 shadow dragons
  A thorn hunter (Swamp:4)
  5 tengu reavers
  5 storm dragons
  7 nagarajas
  12 frost giants
  7 fire giants
  An iron dragon (Depths:2)
  6 deep elf sorcerers
  A juggernaut zombie (Depths:1)
  13 vault wardens
  2 draconian scorchers (Depths:4)
  Aizul (Snake:2)
  2 ghouls (Swamp:2)
  A deep elf elementalist (Elf:3)
  An orc warlord (Vaults:3)
  22 ironbound preservers
  A spriggan defender (Depths:2)
  20 very ugly things
  6 war gargoyles
  8 ironbound thunderhulks
  12 stone giants
  2 vampire knights
  4 deep elf demonologists
  A purple draconian (Depths:4)
  4 eleionomae
  2 spark wasps (Depths:2)
  2 bunyips
  7 dire elephants
  4 deep elf annihilators
  2 red draconians (Depths:4)
  A crystal guardian (Vaults:4)
  2 mummy priests (Depths:3)
  7 ettins
  12 fire dragons
  2 entropy weavers
  3 deep elf death magi
  5 great orbs of eyes
  2 deep elf high priests
  3 shambling mangroves
  A peacekeeper (Vaults:4)
  3 ghost crabs
  23 hydras
  A rakshasa (Vaults:3)
  28 vault guards
  14 ice dragons
  2 salamander tyrants (Snake:4)
  20 yaktaur captains
  10 catoblepae
  2 spriggan air magi
  The ghost of Tausiryd the Cruncher, a journeyman DsMo of Nemelex Xobeh (Orc:1)
  15 ironbound frosthearts
  4 boulder beetles
  6 alligators
  The ghost of Rudyous the Fighter, a novice MiFi of Nemelex Xobeh (D:10)
  8 anacondas
  6 two-headed ogres
  15 centaur warriors
  23 dancing weapons
  The ghost of Lexicon the Unseen, a journeyman SpVM of Okawaru (Orc:2)
  19 death yaks
  4 tengu warriors
  8 deep troll shamans
  12 deep troll earth magi
  22 naga warriors
  Urug (D:11)
  14 naga sharpshooters
  9 spriggan berserkers
  3 orc high priests (Orc:2)
  6 shock serpents
  7 hell knights
  7 skeletal warriors
  19 deep elf knights
  An iron troll (shapeshifter) (Vaults:5)
  11 iron trolls
  4 salamander mystics
  3 skysharks
  2 goliath frogs
  2 spriggan druids
  A sea snake (shapeshifter) (Vaults:5)
  A death drake (shapeshifter) (Vaults:5)
  61 deep trolls
  3 glowing orange brains
  16 swamp dragons
  An orb spider (shapeshifter) (Depths:2)
  9 phantasmal warriors
  10 bog bodies
  2 flayed ghosts (Depths:4)
  Pikel (D:7)
  The ghost of bande the Cleaver, a novice GrFi of Okawaru (D:8)
  13 wizards
  9 naga ritualists
  15 deep elf archers
  2 orange crystal statues
  16 lindwurms
  A mana viper (shapeshifter) (Elf:3)
  3 necromancers
  16 ironbound convokers
  12 orc knights
  9 orc sorcerers
  25 ugly things
  27 deep elf pyromancers
  38 deep elf zephyrmancers
  2 will-o-the-wisps
  A wolf spider (Vaults:5)
  A wolf spider (shapeshifter) (Vaults:5)
  4 manticores
  7 mana vipers
  A faun (shapeshifter) (Depths:3)
  20 salamanders
  12 elephants
  A moth of wrath (D:10)
  2 cyclopes
  A tengu skeleton (Vaults:3)
  A frost giant skeleton (Depths:1)
  56 black mambas
  9 guardian serpents
  A fire giant skeleton (Depths:1)
  19 naga magi
  7 storm dragon simulacra (IceCv)
  22 vault sentinels
  11 cane toads
  2 gargoyles
  A water nymph (shapeshifter) (Vaults:5)
  2 stone giant skeletons (Vaults:3)
  3 kobold demonologists
  10 komodo dragons
  An unseen horror (D:11)
  4 torpor snails
  43 yaktaurs
  A freezing wraith (Vaults:5)
  A rime drake (Lair:1)
  6 golden dragon simulacra (IceCv)
  A yaktaur skeleton (Vaults:3)
  3 meliai
  9 polar bears
  2 bloated husks (Swamp:3)
  2 tengu conjurers
  5 trolls
  A tyrant leech (shapeshifter) (Depths:3)
  A tarantella (Vaults:2)
  10 hornets
  9 tyrant leeches
  12 dream sheep
  11 slime creatures
  An ettin zombie (Depths:1)
  Sigmund (D:2)
  A culicivora (Vaults:2)
  A culicivora (shapeshifter) (Depths:4)
  2 air elementals (Elf:2)
  4 centaur simulacra
  16 spriggans
  A vampire (D:8)
  84 yaks
  2 yaks (shapeshifter)
  13 water elementals
  2 fire elementals (Elf:2)
  3 wraiths
  6 hogs
  6 wyverns
  A steam dragon (D:6)
  4 basilisks
  5 chaos spawn (Elf:3)
  A redback (shapeshifter) (Depths:4)
  A swamp worm (shapeshifter) (Vaults:5)
  A redback (Vaults:4)
  12 vampire mosquitoes
  19 swamp worms
  Edmund (D:4)
  6 wargs
  40 nagas
  17 water moccasins
  2 glowing shapeshifter skeletons (Vaults:3)
  41 orc warriors
  5 ice beasts
  3 sky beasts
  A swamp drake (Swamp:4)
  7 black bears
  5 ice dragon simulacra (IceCv)
  2 ogres
  4 boggarts
  11 wolves
  14 centaurs
  2 kobold brigands (D:8)
  15 bullfrogs
  A necrophage (Swamp:2)
  2 earth elementals (Elf:1)
  9 wights
  7 jellies
  8 killer bees
  3 lindwurm simulacra (IceCv)
  12 electric eels
  6 howler monkeys
  17 orc priests
  2 gnoll boudas
  6 hounds
  A sleepcap (D:5)
  Jessica (D:3)
  31 orc wizards
  Ijyb (D:3)
  4 iguanas
  4 spectral orcs (Orc:1)
  Robin (D:2)
  5 adders
  8 gnolls
  An ogre simulacrum (Orc:1)
  3 white imps (D:10)
  3 ufetubi
  4 orc simulacra (Orc:1)
  A worm (D:3)
  A dart slug (D:3)
  108 orcs
  3 bats
  9 endoplasms
  24 goblins
  18 hobgoblins
  10 kobolds
  4 quokkas
  9 ball pythons
  A frilled lizard (D:2)
  6 rats
1897 creatures vanquished.

Vanquished Creatures (collateral kills)
  Boris (Vaults:4)
  Nessos (D:13)
  An ice dragon (IceCv)
  A centaur warrior (D:13)
  2 naga sharpshooters (Snake:2)
  An orc knight (D:14)
  A deep elf zephyrmancer (D:14)
  An ugly thing (D:13)
  A yaktaur (D:14)
  A shadow (D:13)
11 creatures vanquished.

Vanquished Creatures (others)
  A hornet (Swamp:4)
  A bloated husk (Swamp:4)
  A yak (D:10)
  A chaos spawn (Elf:3)
  A swamp worm (Swamp:4)
  An orc warrior (Orc:2)
  An orc wizard (Orc:2)
  An orc (Orc:1)
  4 foxfires (Swamp:1)
  13 fungi
  72 plants
97 creatures vanquished.

Grand Total: 2005 creatures vanquished

Notes
Turn   | Place    | Note
-------+----------+-------------------------------------------
     0 | D:1      | BubbleThief the Hill Orc Fighter began the quest for the
                  | Orb.
     0 | D:1      | Reached XP level 1. HP: 19/19 MP: 1/1
   281 | D:1      | Reached XP level 2. HP: 27/27 MP: 2/2
   604 | D:2      | Noticed Robin
   608 | D:2      | Reached XP level 3. HP: 22/33 MP: 3/3
   613 | D:2      | Killed Robin
   678 | D:2      | Found Ysmuret's Antique Weapon Emporium.
   776 | D:2      | Noticed Sigmund
   975 | D:3      | Noticed Ijyb
   985 | D:3      | Killed Ijyb
   986 | D:3      | Reached skill level 5 in Axes
   986 | D:3      | Reached XP level 4. HP: 38/41 MP: 4/4
  1077 | D:3      | Found a large runed translucent door.
  1078 | D:3      | Found a large runed translucent door.
  1189 | D:3      | Noticed Jessica
  1194 | D:3      | Killed Jessica
  1315 | D:3      | Reached XP level 5. HP: 47/47 MP: 5/5
  1836 | D:2      | Reached skill level 5 in Fighting
  2007 | D:2      | You fall into a shaft and drop 1 floor!
  2032 | D:2      | Killed Sigmund
  2033 | D:2      | Reached XP level 6. HP: 21/57 MP: 6/6
  2490 | D:4      | Noticed a black bear
  2496 | D:4      | Killed a black bear
  2497 | D:4      | Reached XP level 7. HP: 53/63 MP: 7/7
  2829 | D:4      | Found a staircase to the Ecumenical Temple.
  2839 | Temple   | Entered the Ecumenical Temple
  2848 | Temple   | Became a worshipper of the Shining One
  3013 | D:4      | Noticed Edmund
  3029 | D:4      | Killed Edmund
  3288 | D:5      | Entered Level 5 of the Dungeon
  3357 | D:5      | Found a broken altar of Ashenzari.
  3491 | D:5      | Reached XP level 8. HP: 63/73 MP: 8/8
  3837 | D:5      | Reached skill level 10 in Axes
  3860 | D:5      | Found a snail-covered altar of Cheibriados.
  4295 | D:3      | Found an ancient bone altar of Kikubaaqudgha.
  4302 | D:3      | Found a sparkling altar of Nemelex Xobeh.
  4421 | D:6      | Reached XP level 9. HP: 73/82 MP: 9/9
  4574 | D:6      | Found an opulent altar of Gozag.
  5128 | D:6      | Reached * piety under the Shining One
  5154 | D:6      | Found a bloodstained altar of Trog.
  5550 | D:7      | Noticed Pikel
  5559 | D:7      | Killed Pikel
  5560 | D:7      | Reached skill level 10 in Fighting
  5581 | D:7      | Reached XP level 10. HP: 36/93 MP: 10/10
  5979 | D:7      | Found Jeij's Assorted Antiques.
  5989 | D:7      | Reached skill level 15 in Axes
  6467 | D:8      | Found a flagged portal.
  6532 | Bailey   | Entered a bailey
  6642 | Bailey   | Noticed an orc knight
  6647 | Bailey   | Noticed a kobold demonologist
  6650 | Bailey   | Noticed a smoke demon
  6652 | Bailey   | Killed an orc knight
  6657 | Bailey   | Killed a kobold demonologist
  7147 | Bailey   | Found an iron altar of Okawaru.
  7147 | Bailey   | Noticed a kobold demonologist
  7155 | Bailey   | Killed a kobold demonologist
  7203 | Bailey   | Identified the +5 plate armour of Emneqon {Int+5 Dex+5
                  | Stlth-}
  7687 | D:8      | Found a hide-covered altar of Uskayaw.
  7839 | D:8      | Found a runed translucent gate.
  7839 | D:8      | Found a runed translucent gate.
  7839 | D:8      | Noticed bande's ghost (novice GrFi)
  7841 | D:8      | Found a runed translucent gate.
  7892 | D:8      | Reached XP level 11. HP: 99/104 MP: 11/11
  8101 | D:8      | Identified the +0 rapier "Mevvol" {protect, Int+4}
  8613 | D:9      | Reached ** piety under the Shining One
  8643 | D:9      | Reached skill level 1 in Invocations
  8858 | D:9      | Noticed a centaur warrior
  8866 | D:9      | Killed a centaur warrior
  9021 | D:9      | Found a roughly hewn altar of Beogh.
  9031 | D:9      | Reached skill level 5 in Armour
  9630 | D:9      | Found Nayt's General Store.
  9639 | D:9      | Bought a scroll of teleportation for 39 gold pieces
  9639 | D:9      | Bought a potion of curing for 39 gold pieces
  9639 | D:9      | Bought a potion of curing for 39 gold pieces
  9923 | D:10     | Entered Level 10 of the Dungeon
  9964 | D:10     | Noticed a two-headed ogre
  9972 | D:10     | Killed a two-headed ogre
  9973 | D:10     | Reached skill level 5 in Invocations
  9974 | D:10     | Found a staircase to the Lair.
 10026 | D:10     | Reached *** piety under the Shining One
 10247 | D:10     | Noticed Rudyous's ghost (novice MiFi)
 10256 | D:10     | Found a transporter.
 10256 | D:10     | Noticed a moth of wrath
 10256 | D:10     | Noticed a catoblepas
 10258 | D:10     | Noticed a two-headed ogre
 10262 | D:10     | Killed a two-headed ogre
 10263 | D:10     | Reached XP level 12. HP: 95/116 MP: 16/16
 10296 | D:10     | Noticed a six-headed hydra
 10372 | D:10     | Found a transporter.
 10432 | D:10     | Reached **** piety under the Shining One
 10611 | D:10     | Found a huge runed translucent gate.
 10612 | D:10     | Found a huge runed translucent gate.
 10614 | D:10     | Found a huge runed translucent gate.
 10615 | D:10     | Found a huge runed translucent gate.
 11016 | D:10     | Noticed a two-headed ogre
 11023 | D:10     | Killed a two-headed ogre
 11037 | Lair:1   | Entered Level 1 of the Lair of Beasts
 11312 | Lair:1   | Noticed a catoblepas
 11321 | Lair:1   | Killed a catoblepas
 11580 | Lair:1   | Noticed a catoblepas
 11593 | Lair:1   | Killed a catoblepas
 11594 | Lair:1   | Acquired 1137 gold pieces
 11597 | Lair:1   | Acquired the ring of Truth {Wiz rC+ Will++ rCorr Dex-5}
 11834 | Lair:1   | Reached skill level 15 in Fighting
 12049 | Lair:1   | Noticed a four-headed hydra
 12056 | Lair:1   | Killed a one-headed hydra
 12123 | Lair:1   | Noticed a six-headed hydra
 12132 | Lair:1   | Killed a one-headed hydra
 12464 | Lair:2   | Reached XP level 13. HP: 127/127 MP: 20/20
 12509 | Lair:2   | Reached skill level 10 in Invocations
 12790 | Lair:2   | Reached skill level 10 in Armour
 13209 | Lair:2   | Found a staircase to the Swamp.
 13989 | Lair:3   | Found a staircase to the Snake Pit.
 14209 | Lair:3   | Reached ***** piety under the Shining One
 14317 | Lair:3   | Reached XP level 14. HP: 64/138 MP: 23/23
 15465 | Lair:4   | Found a viscous altar of Jiyva.
 15465 | Lair:4   | Found a staircase to the Slime Pits.
 16411 | Lair:5   | Entered Level 5 of the Lair of Beasts
 16691 | Lair:5   | Found the +3 warlock's mirror {omnireflect}
 17858 | Lair:5   | Reached skill level 5 in Shields
 18023 | Lair:5   | Reached XP level 15. HP: 142/149 MP: 25/25
 18745 | D:11     | Noticed Urug
 18761 | D:11     | Killed Urug
 19079 | D:11     | Found Wyeleese's Distillery.
 19087 | D:11     | Bought a potion of mutation for 80 gold pieces
 19087 | D:11     | Bought a potion of mutation for 80 gold pieces
 19087 | D:11     | Bought a potion of mutation for 80 gold pieces
 19087 | D:11     | Bought a potion of resistance for 100 gold pieces
 19424 | D:11     | Found Vyleni's Distillery.
 19447 | D:11     | Bought a potion of curing for 42 gold pieces
 19447 | D:11     | Bought a potion of heal wounds for 70 gold pieces
 19447 | D:11     | Bought a potion of heal wounds for 70 gold pieces
 19447 | D:11     | Bought a potion of curing for 42 gold pieces
 19890 | D:12     | Reached skill level 15 in Invocations
 20102 | D:12     | Found a staircase to the Orcish Mines.
 20588 | D:12     | Found a portal to a secret trove of treasure.
 20809 | D:13     | Noticed Rupert
 20827 | D:13     | Killed Rupert
 20985 | D:13     | Noticed Nessos
 20994 | D:13     | Killed Nessos
 21611 | D:14     | Identified the +11 quarterstaff "Beast's Peril" {venom,
                  | rPois}
 22256 | D:14     | Found a gate to the Vaults.
 22283 | D:15     | Entered Level 15 of the Dungeon
 22684 | D:15     | Found a staircase to the Depths.
 22950 | D:15     | Reached XP level 16. HP: 159/161 MP: 27/27
 23523 | D:10     | Reached skill level 15 in Armour
 23626 | D:10     | Killed Rudyous's ghost
 23849 | D:8      | Killed bande's ghost
 23877 | D:8      | Identified the +4 war axe "Cootruf" {speed, Fragile rPois
                  | Str+3}
 24008 | Orc:1    | Entered Level 1 of the Orcish Mines
 24296 | Orc:1    | Found a runed translucent gate.
 24296 | Orc:1    | Found a runed translucent gate.
 24296 | Orc:1    | Found a runed translucent gate.
 24297 | Orc:1    | Noticed Tausiryd's ghost (journeyman DsMo)
 24316 | Orc:1    | Found Guligesch's General Store.
 24343 | Orc:1    | Killed Tausiryd's ghost
 24533 | Orc:2    | Entered Level 2 of the Orcish Mines
 24712 | Orc:2    | Found a runed translucent gate.
 24713 | Orc:2    | Found a runed translucent gate.
 24714 | Orc:2    | Found a runed translucent gate.
 24827 | Orc:2    | Found a staircase to the Elven Halls.
 24866 | Orc:2    | Found Iklyapio's Distillery.
 24945 | Orc:2    | Found Iniyl's Weapon Shoppe.
 24950 | Orc:2    | Bought 2 potions of curing for 72 gold pieces
 24950 | Orc:2    | Bought a potion of haste for 120 gold pieces
 24950 | Orc:2    | Bought a potion of mutation for 96 gold pieces
 24983 | Orc:2    | Found Cecweihyl's Book Shoppe.
 24985 | Orc:2    | Found Xaetis's Antique Armour Shop.
 24994 | Orc:2    | Bought the +3 Mad Mage's Maulers {Infuse+∞ VampMP -Cast}
                  | for 1000 gold pieces
 24994 | Orc:2    | Found the +3 Mad Mage's Maulers {Infuse+∞ VampMP -Cast}
 25008 | Orc:2    | Bought a runed scarf for 200 gold pieces
 25330 | Orc:2    | Noticed Lexicon's ghost (journeyman SpVM)
 25334 | Orc:2    | Killed Lexicon's ghost
 26185 | Swamp:1  | Entered Level 1 of the Swamp
 26252 | Swamp:1  | Noticed Kirke
 26268 | Swamp:1  | Killed Kirke
 27686 | Swamp:2  | Reached ****** piety under the Shining One
 27687 | Swamp:2  | Identified the +1 ring mail of the Mind {*Corrode Fly rF+
                  | Dex+6}
 28790 | Swamp:2  | Noticed Jorgrun
 28807 | Swamp:2  | Killed Jorgrun
 29233 | Swamp:3  | Reached XP level 17. HP: 170/172 MP: 9/29
 30114 | Swamp:3  | Got The Mysterious Truths and You
 30786 | Swamp:4  | Entered Level 4 of the Swamp
 31583 | Swamp:4  | Noticed a tentacled monstrosity
 31593 | Swamp:4  | Killed a tentacled monstrosity
 33083 | Swamp:4  | Got a decaying rune of Zot
 33582 | Snake:1  | Entered Level 1 of the Snake Pit
 34678 | Snake:1  | Reached XP level 18. HP: 184/184 MP: 5/30
 35486 | Snake:2  | Noticed Aizul
 35514 | Snake:2  | Killed Aizul
 35752 | Snake:2  | Found a frozen archway.
 35783 | IceCv    | Entered an ice cave
 36517 | IceCv    | Noticed a golden dragon
 36533 | IceCv    | Killed a golden dragon
 36769 | IceCv    | Identified the ring of the Empire {rCorr Int+3 Stlth+}
 36776 | IceCv    | Identified the ring "Iwnyhuam" {Ice Slay+2}
 37212 | Snake:2  | Noticed Vashnia
 37232 | Snake:2  | Killed Vashnia
 39247 | Snake:3  | Found Erchazagh's Antique Weapon Emporium.
 39922 | Snake:3  | Found Lyureen's Antique Armour Shop.
 39927 | Snake:3  | Found Been's Antique Weapon Shop.
 40755 | Snake:3  | Found Ythronu's Weapon Emporium.
 41143 | Snake:4  | Entered Level 4 of the Snake Pit
 41439 | Snake:4  | Reached XP level 19. HP: 157/195 MP: 5/31
 42096 | Snake:4  | Identified the +5 executioner's axe of Turmoil {drain, rF-
                  | Str+4}
 44670 | Snake:4  | Got a serpentine rune of Zot
 45311 | Vaults:1 | Entered Level 1 of the Vaults
 47791 | Vaults:1 | Reached XP level 20. HP: 206/206 MP: 10/32
 48651 | Vaults:1 | Found Wugog's Antique Armour Shoppe.
 48658 | Vaults:1 | Bought a crude cloak for 332 gold pieces
 48658 | Vaults:1 | Identified the +1 cloak "Qenitt" {rPois rF+ Dex-4 SInv}
                  | (You bought it in a shop on level 1 of the Vaults)
 50268 | Vaults:2 | Found a runed translucent door.
 50270 | Vaults:2 | Noticed Leriaza's ghost (veteran DsVM)
 50844 | Vaults:2 | Identified the +8 chain mail of Quick New Discoveries {+Inv
                  | rC+ Int-5 Dex+2}
 51817 | Vaults:2 | Identified the amulet "Keat" {RegenMP Int+3}
 52792 | Vaults:2 | Killed Leriaza's ghost
 53467 | Vaults:3 | Reached XP level 21. HP: 220/220 MP: 1/33
 55114 | Vaults:3 | Found a runed translucent gate.
 55115 | Vaults:3 | Found a runed translucent gate.
 55115 | Vaults:3 | Found a runed translucent gate.
 55337 | Vaults:3 | Noticed Leriaza's ghost (veteran DsVM)
 56136 | Vaults:4 | Found Mutai's Antique Armour Boutique.
 56294 | Vaults:4 | Bought an embroidered scarf for 232 gold pieces
 56475 | Vaults:4 | Noticed Boris
 56486 | Vaults:4 | Killed Boris
 56660 | Vaults:4 | Noticed Saint Roka
 56688 | Vaults:4 | HP: 3/222 [Saint Roka/divine providence (13)]
 56692 | Vaults:4 | Killed Saint Roka
 57588 | Vaults:4 | Noticed Margery
 57620 | Vaults:4 | Killed Margery
 57877 | Vaults:4 | Reached skill level 27 in Fighting
 58022 | Vaults:4 | Noticed Jory
 58037 | Vaults:4 | Killed Jory
 58143 | Vaults:4 | Reached skill level 27 in Axes
 59188 | Vaults:5 | Entered Level 5 of the Vaults
 59356 | Vaults:4 | Reached XP level 22. HP: 158/233 MP: 3/34
 59508 | Depths:1 | Entered Level 1 of the Depths
 59508 | Depths:1 | Found a gateway to Hell.
 59801 | Depths:1 | Found Zuikh's Distillery.
 59809 | Depths:1 | Bought a potion of curing for 42 gold pieces
 59809 | Depths:1 | Bought a potion of experience for 700 gold pieces
 59809 | Depths:1 | Bought a potion of heal wounds for 70 gold pieces
 59809 | Depths:1 | Bought a potion of heal wounds for 70 gold pieces
 59809 | Depths:1 | Reached XP level 23. HP: 240/240 MP: 35/35
 59810 | Depths:1 | Found Vahibat's General Store.
 59817 | Depths:1 | Bought a potion of resistance for 120 gold pieces
 60035 | Depths:1 | Found a one-way gate to the infinite horrors of the Abyss.
 60492 | Depths:1 | Identified the +3 shadow dragon scales of Curow {rPois
                  | Str-5 Int+4 Stlth++++}
 60509 | Depths:1 | HP: 12/240 [hellephant (23)]
 61211 | Depths:2 | Reached skill level 10 in Shields
 61384 | Depths:2 | Found a magical portal.
 61390 | WizLab   | Entered Wucad Mu's Monastery
 61542 | WizLab   | Found the +9 staff of Wucad Mu {*channel}
 61708 | WizLab   | Reached XP level 24. HP: 249/249 MP: 35/36
 61845 | Depths:2 | You fall into a shaft and drop 2 floors!
 61845 | Depths:4 | Entered Level 4 of the Depths
 61899 | Depths:4 | HP: 10/249 [red draconian scorcher/searing blast (25)]
 61947 | Depths:4 | HP: 11/249 [fire dragon/blast of flame (31)]
 61954 | Depths:4 | HP: 10/249 [fire dragon (12)]
 62207 | Depths:3 | Noticed Miownoin's ghost (master GrFi)
 62228 | Depths:3 | Found a runed translucent door.
 62238 | Depths:3 | Found Luxzuudgh's Armour Shoppe.
 63207 | Depths:2 | Got the Excursus on Angles
 63373 | Depths:2 | Found a one-way gate leading to the halls of Pandemonium.
 63831 | Depths:2 | Identified the ring "Xuojoner" {rF- rN+ Will+ Int+6 Stlth+}
 64261 | Depths:3 | Reached XP level 25. HP: 257/257 MP: 11/36
 64949 | Depths:3 | Found a one-way gateway to a ziggurat.
 64949 | Depths:3 | Noticed an ancient lich
 64949 | Depths:3 | Noticed a dread lich
 65265 | Depths:3 | Noticed a royal mummy
 65281 | Depths:3 | Killed a royal mummy
 65403 | Depths:3 | Noticed a royal mummy
 65409 | Depths:3 | Killed a royal mummy
 65411 | Depths:3 | Noticed a royal mummy
 65412 | Depths:3 | Found the +7 sceptre of Torment {pain, torment}
 65422 | Depths:3 | Killed a royal mummy
 66053 | Depths:4 | Found a gate to the Realm of Zot.
 66699 | Depths:4 | Noticed a juggernaut
 66715 | Depths:4 | Killed a juggernaut
 68340 | Vaults:3 | Killed Leriaza's ghost
 68506 | Vaults:3 | Got Qoxteru's Dissertation on the Overhead Xenotype
 68508 | Vaults:3 | Identified the +2 pair of gloves of the Crypt {Slay+3}
 69773 | Vaults:5 | Identified the +1 demon whip of Doom {freeze, *Noise Str+4}
 69972 | Vaults:5 | Acquired the ring "Qaj Ighu" {Wiz rN+ Int+3 Slay+2}
 69997 | Vaults:5 | Reached skill level 15 in Shields
 70179 | Vaults:5 | Reached XP level 26. HP: 266/266 MP: 6/37
 72013 | Vaults:5 | Identified the +0 scale mail of Ruozoq {rC+++ Int-4}
 72839 | Vaults:5 | Got a silver rune of Zot
 73067 | Vaults:5 | Found Iquyqo's Magic Scroll Boutique.
 73074 | Vaults:5 | Bought a scroll of enchant weapon for 97 gold pieces
 73074 | Vaults:5 | Bought a scroll of blinking for 97 gold pieces
 73074 | Vaults:5 | Bought a scroll of teleportation for 39 gold pieces
 73424 | Elf:1    | Entered Level 1 of the Elven Halls
 73424 | Elf:1    | Found a runed translucent gate.
 73424 | Elf:1    | Found a runed translucent gate.
 73424 | Elf:1    | Found a runed translucent gate.
 73424 | Elf:1    | Found a runed translucent gate.
 73424 | Elf:1    | Found a runed translucent gate.
 73424 | Elf:1    | Found a runed translucent gate.
 73425 | Elf:1    | Found a runed translucent door.
 73433 | Elf:1    | Found a runed translucent door.
 74072 | Elf:1    | Found a flickering gateway to a bazaar.
 74082 | Bazaar   | Entered a bazaar
 74205 | Bazaar   | Found Rep Beb's Magic Scroll Shop.
 74230 | Bazaar   | Found Iquyxuj's Assorted Antiques.
 74257 | Bazaar   | Found Los Defomn's Armour Shop.
 74257 | Bazaar   | Found Vuzxim's Antique Armour Boutique.
 74273 | Bazaar   | Bought an ichor-stained chain mail for 142 gold pieces
 74273 | Bazaar   | Identified the +0 chain mail of the Buccaneer {-Cast Harm
                  | Regen+ Slay+6} (You bought it in a shop in a bazaar)
 75529 | Elf:1    | Got the Spellbook of the Last Underlurkers
 76274 | Elf:1    | Found a runed translucent door.
 76964 | Elf:2    | Paralysed by an air elemental for 1 turns
 76967 | Elf:2    | Paralysed by an air elemental for 1 turns
 78039 | Elf:2    | Found a runed translucent gate.
 78039 | Elf:2    | Found a runed translucent gate.
 78040 | Elf:2    | Found a runed translucent gate.
 78582 | Elf:2    | Reached skill level 27 in Armour
 79289 | Elf:3    | Entered Level 3 of the Elven Halls
 79704 | Elf:3    | Acquired 427 gold pieces
 79737 | Elf:3    | Identified the ring "Elihixut" {rF+ Str+3 Int+5 Dex+6}
 80809 | Elf:3    | Identified a ring of Lilacs {rElec rF+ MP+9 Stlth+}
 80827 | Elf:3    | Killed from afar by a hellion

Illustrated notes

Levels and vault maps discovered:
D:1:      saegor_arrival_under_anarchy, layout_loops_ring
D:2:      layout_loops_ring, serial_shops,
          nicolae_shop_competitors_out_of_business, uniq_robin, uniq_sigmund
D:3:      kennysheep_the_goblin_king, layout_loops_ring, jmf_multi_god_temple2,
          uniq_jessica
D:4:      layout_basic, minmay_temple_entry_junction, uniq_edmund
D:5:      layout_basic, mainiacjoe_overflow_24_doors, lemuel_doored_altar
D:6:      layout_cave_pools, grunt_gozag_statues,
          mainiacjoe_overflow_concentric_impassable, serial_bayou,
          serial_bayou_lake_a, serial_bayou_pond_d, serial_bayou_pond_b,
          serial_bayou_lagoon_b, minmay_door_square, kennysheep_generic_room_9
D:7:      layout_loops_cross, serial_shops, nicolae_shop_stone, uniq_pikel
D:8:      layout_loops_corners, nicolae_uskayaw_dance_studio,
          gammafunk_ghost_split, enter_bailey_8, minivault_14
D:9:      layout_basic, special_room [special_room_orc], serial_shops,
          nicolae_shop_statue_plus, minmay_misc_feat_nine_boxes
D:10:     lemuel_bear_cage, layout_long_grid, lair_entry_dummy, serial_ice,
          serial_ice_e, serial_ice_i, serial_ice_c, serial_ice_g,
          gammafunk_ghost_berserking_beasts
D:11:     layout_basic, serial_shops, shop_statue, shop, uniq_urug
D:12:     layout_irregular_city, orc_0_dummy, nicolae_trove_entry_columns,
          due_unseen_surprise
D:13:     layout_loops_ring, uniq_rupert, uniq_nessos
D:14:     layout_basic, hangedman_vaults_entry_quadrant_bands, serial_glass,
          glass_columns_a, glass_columns_b
D:15:     grunt_enter_depths_hoard, layout_rooms, hangedman_glass_teeth,
          feat_on_display
Temple:   hellmonk_temple_of_storms
Lair:1:   layout_misc_corridors, minmay_shattered_shrine, lemuel_fruit_tree,
          grunt_megastairs_2, serial_bayou_shore_a
Lair:2:   layout_roguey, palyth_hydra_swamp_entry, wad_woods_road_06,
          hangedman_lair_generics_rect, serial_bayou_shore_b
Lair:3:   layout_regular_city, minmay_snake_entry_guardpost_small,
          kennysheep_catoblepas_arena
Lair:4:   beast_lair_carwin_large_3, layout_loops_ring,
          nicolae_slime_entry_slimehenge, wad_woods_01
Lair:5:   evilmike_catoblepas_cave, layout_long_grid, st_stairs_6
Swamp:1:  layout_basic_swamp, hangedman_swamp_ruin_wall, swamp_pool1, uniq_kirke
Swamp:2:  layout_basic_swamp, evilmike_swamp_ruin_wall, uniq_jorgrun
Swamp:3:  layout_basic_swamp, nicolae_swamp_oxbows
Swamp:4:  swamp_basic_johnstein, layout_basic_swamp
Snake:1:  layout_grid_shapes, grunt_ministairs_11, st_stairs_1
Snake:2:  layout_onion, portal_ice_cave_entry_pillars_three,
          nicolae_integral_box, uniq_vashnia, uniq_aizul
Snake:3:  layout_honeycomb, serial_shops, shop_fountains,
          nicolae_shop_bloodbath_and_beyond, minmay_shop_star
Snake:4:  grunt_snake_rune_serpentine_throne, layout_chambers, st_stairs_11
Orc:1:    layout_diamond_mine, gammafunk_ghost_necromancy, serial_shops,
          nicolae_diamond_shop
Orc:2:    st_orc_elflike, layout_caves, ebering_ghost_rock_garden
Elf:1:    nicolae_elf_arrival_dilemma, layout_loops_cross, serial_shops,
          bzr_in_the_mist, minmay_elf_sorcery, minivault_13
Elf:2:    elven_hall_of_blades_hangedman_original
          [infiniplex_blade_entry_pillars], layout_geoelf_grid,
          minmay_misc_feat_pillars
Elf:3:    elf_hall_gauntlet_narrow, layout_loops_cross, nrook_loot_triangle,
          nicolae_elf_free_trip_to_the_abyss
Vaults:1: v_rooms_3, grunt_vaults_funnel, nicolae_vaults_big_angled_halls,
          vaults_mumra_bighexcomb, v_alt_pattern_5, nicolae_vaults_what_the_h,
          nicolae_vaults_specimen_jars, v_alt_pattern_4,
          nicolae_vaults_network_star, ontoclasm_vaults_chip,
          ontoclasm_vaults_ring_small, vaults_dpeg_emergency_exit,
          grunt_vaults_hallway_long, layout_vaults_ring, serial_shops,
          nicolae_shop_stone
Vaults:2: ebering_ghost_reflecting_pool, v_misc_3, vaults_dpeg_spiral,
          vaults_room_boxed, nicolae_vaults_network_s,
          ontoclasm_vaults_ring_large, st_eye, nicolae_vaults_angled_halls,
          v_misc_25, grunt_vaults_twisty, nicolae_vaults_asterisk, v_misc_18,
          layout_vaults_maze_bifur
Vaults:3: gammafunk_ghost_tricky_traps, vaults_room_large_hall,
          minmay_crypt_entry_skeletal_spiral, hangedman_vaults_river_flow,
          v_misc_27, vaults_standard_mumra_x, ontoclasm_vaults_chip,
          grunt_vaults_hallway_long, vaults_room_hallway,
          vaults_room_hangedman_quadrants, ontoclasm_vaults_chip,
          vaults_dpeg_ring, layout_vaults_big_room, serial_glass
Vaults:4: v_rooms_4, v_alt_pattern_1, dpeg_vaults_monster_row,
          vaults_room_fours, ontoclasm_vaults_ligature,
          nicolae_vaults_little_squares_3, nicolae_vaults_circle_grid_b,
          nicolae_vaults_big_angled_halls, vaults_room_door_ring,
          dpeg_vaults_monster_box, hangedman_vaults_cutoff,
          vaults_dpeg_encased_lava, layout_vaults_omnibox, serial_shops, shop,
          uniq_margery, uniq_saint_roka, uniq_boris, uniq_jory
Vaults:5
Depths:1: layout_long_grid, hangedman_coc_ice_floe, abyss_entry,
          beargit_elvish_explorers, minmay_shoptagon, serial_bayou_shore_b,
          serial_bayou_shore_b
Depths:2: minmay_the_grid_square_5x5_4x4_mashed
          [minmay_the_grid_square_5x5_minivault,
          minmay_the_grid_square_5x5_checkered_statues,
          minmay_the_grid_square_5x5_fancy_junction,
          minmay_the_grid_square_5x5_dogpile, minmay_the_grid_square_5x5_empty,
          minmay_the_grid_square_5x5_prize_itemx,
          minmay_the_grid_square_5x5_prize_gold,
          minmay_the_grid_square_5x5_doubleslash,
          minmay_the_grid_square_5x5_inverted_slash,
          minmay_the_grid_square_5x5_prize_monsterx,
          minmay_the_grid_square_5x5_prize_deathbox,
          minmay_the_grid_square_5x5_two_walls_a,
          minmay_the_grid_square_5x5_empty, minmay_the_grid_square_5x5_fat_x,
          minmay_the_grid_square_5x5_checkered_sparse,
          minmay_the_grid_square_5x5_eight_small], layout_honeycomb, hell_entry,
          chequers_serial_rivers_small_3, infiniplex_enter_wizlab_glasses,
          rand_demon_pan_entry_5, minmay_staircase_statues, firewood_loft
Depths:3: minmay_guarded_unrand_sceptre_of_torment, layout_cave_pools,
          enter_ziggurat_d, serial_shops, nicolae_shop_crystal, abyss_entry,
          hell_entry, hellmonk_ghost_big_iron, infiniplex_staircase_zigzag_2
Depths:4: evilmike_zot_entry_diamond, layout_gridville, pan_entry, serial_shops,
          bzr_entry_dummy, pf_vacation_house_of_asmodeus,
          minmay_strange_pillars, drop_trap, grunt_ministairs_14

Skill      XL: |  1  2  3  4  5  6  7  8  9 10 11 12 13 14 15 16 17 18 19 20 21 22 23 24 25 26 |
---------------+-------------------------------------------------------------------------------+-----
Axes           | 3 4 5 7 8 9 12 14 17 18 20 21 23 25 27 | 27.0
Fighting       | 4 5 6 7 8 10 11 13 15 16 18 19 20 21 23 24 25 27 | 27.0
Armour         | 6 9 11 12 14 16 17 18 20 21 22 23 27 | 27.0
Invocations    | 6 9 12 14 15 16 17 18 19 21 22 | 22.7
Shields        | 5 7 8 9 10 12 15 16 | 16.4

Action                     |  1- 3 |  4- 6 |  7- 9 | 10-12 | 13-15 | 16-18 | 19-21 | 22-24 | 25-27 || total
---------------------------+-------+-------+-------+-------+-------+-------+-------+-------+-------++-------
  Melee: War axe           |    75 |    75 |   236 |   531 |   944 |   897 |       |       |       ||  2758
         Broad axe         |       |       |       |       |       |   192 |   940 |   452 |   899 ||  2483
 Invoke: Divine Shield     |       |       |       |     1 |     3 |     4 |     4 |     1 |     1 ||    14
         Summon Divine War |       |       |       |       |     2 |     3 |     1 |       |       ||     6
         Cleansing Flame   |       |       |       |       |       |     3 |       |       |       ||     3
  Evoke: Wand              |       |       |       |     3 |     2 |       |       |     1 |       ||     6
         Phantom mirror    |       |       |       |       |       |       |     1 |       |       ||     1
    Use: Scroll            |       |     1 |     2 |    10 |    14 |     4 |     1 |     5 |     3 ||    40
         Potion            |       |     1 |       |     1 |       |       |     3 |     9 |     1 ||    15
 Armour: Scale mail        |    41 |    28 |    15 |       |       |       |       |       |       ||    84
         Chain mail        |       |       |    89 |    56 |       |       |       |       |       ||   145
         Plate armour      |       |       |       |   171 |   535 |   549 |   501 |   400 |   512 ||  2668
  Dodge: Dodged            |    44 |    22 |   105 |   160 |   261 |   362 |   206 |   149 |   213 ||  1522
         Repelled          |       |       |       |       |       |    20 |       |       |       ||    20
  Block: Buckler           |    22 |    10 |    58 |    84 |   269 |   451 |   330 |   247 |   370 ||  1841
         Reflection        |       |       |       |       |    21 |    56 |    78 |    14 |    88 ||   257

Table legend: (Time is in decaauts)
 A = Elapsed time spent in this place.
 B = Non-inter-level travel time spent in this place.
 C = Inter-level travel time spent in this place.
 D = Time resting spent in this place.
 E = Time spent auto-exploring this place.
 F = Levels seen in this place.
 G = Mean time per level.
                   A        B        C        D        E       F      G
               +--------+--------+--------+--------+--------+-----+--------+
         Total |  79927 |  76744 |   3183 |   3758 |  62869 |  47 | 1700.6 |
       Dungeon |  15895 |  14573 |   1322 |    637 |  11511 |  15 | 1059.7 |
        Temple |     16 |     10 |      6 |      0 |      0 |   1 |   16.0 |
          Lair |   7655 |   7263 |    392 |    367 |   5805 |   5 | 1531.0 |
         Swamp |   7446 |   7305 |    141 |    125 |   6399 |   4 | 1861.5 |
     Snake Pit |  10246 |  10111 |    135 |    632 |   8310 |   4 | 2561.5 |
  Orcish Mines |   2003 |   1860 |    143 |      0 |   1529 |   2 | 1001.5 |
   Elven Halls |   7101 |   7019 |     82 |    337 |   5986 |   3 | 2367.0 |
        Vaults |  18935 |  18291 |    644 |    863 |  15485 |   5 | 3787.0 |
        Depths |   7969 |   7654 |    315 |    796 |   5789 |   4 | 1992.2 |
        Bazaar |    210 |    210 |      0 |      0 |    193 |   1 |  210.0 |
        Bailey |    868 |    868 |      0 |      0 |    694 |   1 |  868.0 |
      Ice Cave |   1149 |   1149 |      0 |      0 |    893 |   1 | 1149.0 |
        Wizlab |    428 |    428 |      0 |      0 |    272 |   1 |  428.0 |
               +--------+--------+--------+--------+--------+-----+--------+

Top non-repeatable levels by time:
Vaults:4: 4220 daAuts
Vaults:1: 3964 daAuts
Vaults:5: 3753 daAuts
Vaults:2: 3683 daAuts
 Snake:4: 3577 daAuts
Vaults:3: 3313 daAuts
   Elf:1: 3150 daAuts
 Snake:3: 2675 daAuts
 Swamp:4: 2555 daAuts
   Elf:2: 2441 daAuts
Depths:3: 2359 daAuts
Depths:4: 2146 daAuts
 Snake:2: 2092 daAuts
  Lair:5: 2028 daAuts
 Snake:1: 1901 daAuts
